AoeStats
← ABU-Abir

Arabian Desert

509878723Analyzed
1v1 RM · 3d ago on Sep 28, 2026· 23m 37s· 2 players
Game mode
Random Map
Map size
Tiny (2 player)
Population
200
Speed
Normal
Resources
Standard
Victory
Conquest
Starting age
Dark Age
Ending age
Imperial Age
RankedLock teamsTeams togetherTeam positionsShared explorationLock speedFull tech treeHidden civsTurbo modeCheats
Victory
Defeat
🇩🇪 Inca · Germany
2220
+15
🇦🇷 Burgundians · Argentina
2201
-15
C+
4:14 Double-Bit Axe
5:27 Loom
9:39 Feudal Age
10:41 Bow Saw
13:39 Horse Collar
13:49 Town Watch
15:59 Fletching
17:05 Scale Mail Armor
20:13 Wheelbarrow
23:33 Castle Age
21:46 Scale Barding Armor
ABU-Abir
6:48 Loom
9:09 Feudal Age
9:28 Champi Runner
9:58 Double-Bit Axe
13:15 Fletching
19:22 Wheelbarrow
21:22 Castle Age
19:45 Scale Mail Armor
20:34 Forging
22:06 Squires
21:26 Champi Warrior
21:41 Champi Warrior
22:15 Arson
23:39 Bow Saw
Connection lost

Rejoining the realm…

Still unreachable

The connection could not be restored.

Session expired

The server has moved on; the page needs a fresh start.